 Dungeon Crawl Stone Soup version 0.22-a0-456-g11ed031 (webtiles) character file.

431 DrEnzyme the Sneak (level 6, -5/42 HPs)
             Began as an Octopode Wanderer on June 5, 2018.
             Slain by a scorpion (9 damage)
             ... on level 4 of the Dungeon.
             The game lasted 00:19:04 (4768 turns).

DrEnzyme the Sneak (Octopode Wanderer)              Turns: 4768, Time: 00:19:05

Health: -5/42      AC:  1    Str: 10    XL:     6   Next: 99%
Magic:  5/7        EV: 12    Int: 16    God:
Gold:   180        SH:  0    Dex: 13    Spells: 7/7 levels left

rFire    . . .     SeeInvis .   o - +0 rapier
rCold    . . .     Gourm    .   (no shield)
rNeg     . . .     Faith    .   (helmet restricted)
rPois    .         Spirit   .   n - amulet of regeneration
rElec    .         Reflect  .   m - ring of resist corrosion
rCorr    +         Harm     .   (no ring)
MR       .....                  (no ring)
Stlth    ++++......             (no ring)
HPRegen  0.54/turn              (no ring)
MPRegen  0.10/turn              (no ring)
                                (no ring)
                                (no ring)

@: lethally poisoned (-5 -> -12), hasted, very quick
A: almost no armour, stealthy swim, amphibious, 8 rings, constrict 8, camouflage
1, gelatinous body 1
a: no special abilities


You were on level 4 of the Dungeon.
You were not hungry.

You visited 1 branch of the dungeon, and saw 4 of its levels.

You collected 180 gold pieces.

Inventory:

Hand Weapons
 a - a +2 dagger
 o - a +0 rapier (weapon)
Missiles
 g - 118 stones (quivered)
Jewellery
 f - an uncursed amulet of the acrobat
 k - an uncursed ring of positive energy {unknown}
 m - a ring of resist corrosion (left tentacle)
 n - an amulet of regeneration (around mantle)
Scrolls
 e - 2 scrolls of immolation
 h - a scroll of amnesia
 j - a scroll of remove curse
Potions
 l - a potion of berserk rage {unknown}
Comestibles
 b - a chunk of flesh
 c - 2 rations


   Skills:
 - Level 3.5 Fighting
 * Level 5.0 Short Blades
   Level 2.0 Axes
 - Level 1.0 Throwing
 + Level 6.0 Stealth
 - Level 1.0 Spellcasting
   Level 2.0 Hexes


You had 7 spell levels left.
You didn't know any spells.
Your spell library was empty.

Dungeon Overview and Level Annotations

Branches:
Dungeon (4/15)
 Temple: D:4-7

Altars:
Hepliaklqana
Vehumet
Wu Jian
Xom

Annotations:
D:1 exclusion: 2 doors
D:2 exclusion: downstairs
D:3 exclusion: 2 downstairs


Innate Abilities, Weirdness & Mutations

You cannot wear most types of armour.
You are very stealthy in the water. (Stealth+)
You are amphibious.
You can wear up to eight rings at the same time.
You can use your tentacles to constrict eight enemies at once.
Your skin changes colour to match your surroundings (Stealth+).
Your rubbery body absorbs attacks. (AC +1, EV +1)


Message History

You constrict the scorpion, but do no damage.
You feel sick. The scorpion stings you.
You hit the scorpion but do no damage.
You squeeze the scorpion, but do no damage.
You constrict the scorpion.
You feel sick.
You hit the scorpion but do no damage. You squeeze the scorpion.
The scorpion is moderately wounded.
You constrict the scorpion. The scorpion stings you.
* * * LOW HITPOINT WARNING * * *
You hit the scorpion.
The scorpion is severely wounded.
You constrict the scorpion.
You feel sick. The scorpion stings you.
* * * LOW HITPOINT WARNING * * *
You are lethally poisoned!
The scorpion poisons you!
It was a potion of haste.
You feel yourself speed up.
You constrict the scorpion.
* * * LOW HITPOINT WARNING * * *
You feel sick. The scorpion stings you!
You die...

######
.(.#....######..
.......s)..$.?..
.....?.[@....##
..........####
...........#
...........#
.........###
.......###
.....## ..##
###### .#
####.....##


You could see a scorpion.

Vanquished Creatures
  Sigmund (D:3)
  A crimson imp (D:3)
  Jessica (D:3)
  A hound skeleton (D:2)
  3 gnolls (D:2)
  4 adders
  An ooze (D:1)
  4 worms
  2 dart slugs
  A leopard gecko (D:3)
  15 orcs
  4 giant cockroaches
  12 hobgoblins
  7 jackals (D:3)
  2 quokkas
  13 bats
  4 frilled lizards
  7 goblins
  11 kobolds
  A quokka zombie (D:3)
  10 rats
105 creatures vanquished.

Notes
Turn   | Place    | Note
-------+----------+-------------------------------------------
     0 | D:1      | DrEnzyme the Octopode Wanderer began the quest for the Orb.
     0 | D:1      | DrEnzyme set off with: a +2 dagger, a potion of heal wounds, a ration
     0 | D:1      | Reached XP level 1. HP: 16/16 MP: 2/2
   692 | D:1      | Reached XP level 2. HP: 21/21 MP: 3/3
   907 | D:1      | Reached skill level 1 in Short Blades
   907 | D:1      | Reached skill level 2 in Stealth
  1127 | D:1      | Reached XP level 3. HP: 26/26 MP: 4/4
  1573 | D:2      | Reached skill level 3 in Stealth
  1708 | D:2      | Reached XP level 4. HP: 28/31 MP: 5/5
  1737 | D:2      | Found a hazy altar of Hepliaklqana.
  2193 | D:2      | Found a shimmering altar of Xom.
  2414 | D:2      | Reached XP level 5. HP: 29/36 MP: 6/6
  2655 | D:2      | Reached skill level 4 in Stealth
  2922 | D:3      | Found an ornate altar of the Wu Jian Council.
  2930 | D:3      | Noticed Jessica
  3113 | D:3      | Found a radiant altar of Vehumet.
  3631 | D:3      | Noticed Sigmund
  3979 | D:3      | Killed Sigmund
  3979 | D:3      | Reached skill level 5 in Stealth
  3979 | D:3      | Reached XP level 6. HP: 29/42 MP: 7/7
  4316 | D:3      | Killed Jessica
  4430 | D:4      | Noticed a phantom
  4486 | D:3      | Reached skill level 6 in Stealth
  4718 | D:3      | Reached skill level 5 in Short Blades
  4768 | D:4      | Slain by a scorpion

Vault maps used:
D:1:      ncdulo_wetmaze, kennysheep_small_spiral, minivault_27
D:2:      lemuel_crystal_altar, overflow_temple_1_default,
          minmay_split_cup_small
D:3:      vehumet_crystals, lemuel_doored_altar, first_ration, uniq_jessica,
          uniq_sigmund
D:4:      lemuel_coloured_pillars_altar, kennysheep_generic_room_2

Skill      XL: |  1  2  3  4  5  6 |
---------------+-------------------+-----
Short Blades   | 1 2 3 4 5 |  5.0
Stealth        | 2 3 5 6 |  6.0
Fighting       | |  3.5
Axes           | |  2.0
Throwing       | |  1.0
Spellcasting   | |  1.0
Hexes          | |  2.0

Action                   |  1- 3 |  4- 6 || total
-------------------------+-------+-------++-------
Melee: Dagger            |    81 |   129 ||   210
       Constrict         |    23 |    44 ||    67
       Tentacles         |    13 |    30 ||    43
       Rapier            |       |    66 ||    66
Throw: Stone             |       |    12 ||    12
       Tomahawk          |       |     4 ||     4
  Use: Scroll            |     3 |     2 ||     5
       Potion            |       |     4 ||     4
 Stab: Sleeping          |     6 |    15 ||    21
       Distracted        |     1 |       ||     1
  Eat: Chunk             |     2 |    10 ||    12
Armor: Skin              |     6 |     9 ||    15
Dodge: Dodged            |    36 |   134 ||   170

Table legend:
 A = Spawn XP
 B = Non-spawn XP
 C = Spawn XP percentage of total XP
 D = Spawn monster count
 E = Non-spawn monster count
 F = Spawn count percentage of total count
 G = Total turns spent on level
                    A         B        C        D         E        F      G
               +---------+---------+-------+---------+---------+-------+---------
         Total |       0 |     616 |   0.0 |       0 |     105 |   0.0 |  4768
               +---------+---------+-------+---------+---------+-------+---------
           D:1 |       0 |      51 |   0.0 |       0 |      28 |   0.0 |  1634
           D:2 |       0 |     142 |   0.0 |       0 |      30 |   0.0 |  1194
           D:3 |       0 |     406 |   0.0 |       0 |      42 |   0.0 |  1810
           D:4 |       0 |      17 |   0.0 |       0 |       5 |   0.0 |   130
               +---------+---------+-------+---------+---------+-------+---------
